 Dungeon Crawl Stone Soup version 0.32-a0-329-ge6c31236d6 (webtiles) character file.

Game seed: 8473696212286207979

6512 Ceno the Martial Artist (level 11, -1/75 (77) HPs)
             Began as an Octopode Shapeshifter on Feb 17, 2024.
             Was an Elder of Wu Jian.
             Slain by a wight
             ... wielding a +2 short sword of freezing
             ... summoned by a boggart
              (3 damage)
             ... on level 9 of the Dungeon.
             The game lasted 00:21:00 (8232 turns).

Ceno the Martial Artist (Octopode Shapeshifter)     Turns: 8232, Time: 00:21:01

HP:   -1/75 (77)    AC:  1    Str: 20    XL:     11   Next: 0%
MP:   20/20         EV: 26    Int: 12    God:    Wu Jian [****..]
Gold: 495           SH:  0    Dex: 22    Spells: 10/10 levels left

rFire   . .          .
                       - Unarmed
rCold   . . .        (shield currently unavailable)
rNeg    . . .        (helmet restricted)
rPois   .            p - amulet of the acrobat
rElec   .            i - +6 ring of strength
rCorr   .            s - ring of magical power
SInv    .            z - +5 ring of evasion
Will    .....        B - +6 ring of dexterity
Stlth   ++           (no ring)
HPRegen 0.32/turn    (no ring)
MPRegen 0.17/turn    (no ring)
                     (no ring)

%: acrobat
@: flux-form, glowing, lightly drained
A: glow, contaminating, almost no armour, amphibious, 8 rings, camouflage 1,
gelatinous body 1, (nimble swimmer 1), tentacles
a: Begin Untransformation, Renounce Religion, Wall Jump, Serpent's Lash


You were on level 9 of the Dungeon.
You worshipped Wu Jian.
Wu Jian was greatly pleased with you.
You were something dangerously unstable.
You visited 2 branches of the dungeon, and saw 10 of its levels.
You also visited: Sewer.

You collected 495 gold pieces.

Inventory:

Missiles
 f - 73 stones (quivered)
 m - 4 throwing nets
 I - 20 poisoned darts
Jewellery
 i - a +6 ring of strength (left tentacle)
 p - an amulet of the acrobat (around mantle)
 q - a ring of magical power
 s - a ring of magical power (right tentacle)
 z - a +5 ring of evasion (on tentacle)
 B - a +6 ring of dexterity (on tentacle)
 H - a ring of ice
Talismans
 b - a beast talisman
 c - a flux talisman (active)
Wands
 C - a wand of iceblast (4)
 E - a wand of charming (2)
 G - a wand of polymorph (7)
Scrolls
 d - 2 scrolls of noise
 h - a scroll of blinking {unknown}
 k - a scroll of silence {unknown}
 l - a scroll of brand weapon {unknown}
 n - 4 scrolls of teleportation
 r - a scroll of revelation {unknown}
 w - a scroll of immolation {unknown}
 x - a scroll of fear
 y - a scroll of enchant weapon {unknown}
 D - a scroll of vulnerability {unknown}
 J - a scroll of enchant armour {unknown}
Potions
 a - 3 potions of lignification
 e - 4 potions of mutation
 g - 3 potions of invisibility
 j - 5 potions of curing
 o - a potion of cancellation
 t - a potion of haste
 u - a potion of berserk rage
 v - a potion of magic {unknown}
 A - 2 potions of enlightenment {unknown}
 F - a potion of attraction {unknown}


   Skills:
 + Level 8.1 Fighting
 + Level 6.1 Dodging
 - Level 8.0 Stealth
 + Level 8.6 Unarmed Combat
 - Level 5.0 Evocations
 - Level 7.2 Shapeshifting


You had 10 spell levels left.
You didn't know any spells.
Your spell library contained the following spells:

 Spells                   Type           Power      Damage    Failure   Level
 Summon Small Mammal      Summ           0%         N/A       32%         1
 Call Canine Familiar     Summ           0%         N/A       69%         3
 Summon Blazeheart Golem  Fire/Summ      0%         N/A       97%         4


Dungeon Overview and Level Annotations

Branches:
Dungeon (9/15)             Temple (1/1) D:4           Sewer (visited)
   Lair: D:8-11         Orc: D:9-12

Altars:
Cheibriados
Dithmenos
Gozag
Hepliaklqana
Kikubaaqudgha
Makhleb
Nemelex Xobeh
Okawaru
Qazlal
Ru
Sif Muna
Trog
Uskayaw
Vehumet
Wu Jian
Xom
Zin
The Shining One

Shops:
D:6 !


Innate Abilities, Weirdness & Mutations

You are something dangerously unstable.
You glow with magical radiation, making you easy to see and hit.
Foes you strike become dangerously contaminated with magical radiation.
You are incapable of wielding weapons or throwing items.
You cannot wear most types of armour.
You are amphibious.
You can wear up to eight rings at the same time.
Your skin changes colour to match your surroundings (Stealth+).
Your rubbery body absorbs attacks. (AC +1, EV +1)
((You are camouflaged when in or above water. (Stealth+)))
You have tentacles for arms and can constrict up to eight enemies at once.


Message History

The centaur completely misses you. The centaur misses you.
You tentacle-slap the centaur but do no damage.
The centaur shudders as magic cascades through it!
The centaur twists and deforms.
The centaur is almost dead.
The centaur misses you. The centaur closely misses you.
You tentacle-slap the centaur.
You kill the centaur!
The Council accepts your kill.
You have reached level 11!
You now have 495 gold pieces (gained 18).
Things that are here:
a +0 hand axe; a +0 orcbow; a +0 robe
Items here: ) [[ ÷.
You see here a +3 spear.
There is a stone staircase leading up, spattered with blood here.
You start resting.
A boggart comes into view.
The boggart shouts!
The boggart mumbles some strange words.
You lunge at the boggart.
You barely miss the boggart. You grab the boggart. You squeeze the boggart.
The boggart is moderately wounded.
You constrict the boggart. The boggart misses you.
The wight hits you from afar with a +0 halberd!
The wight barely misses you.
You barely miss the boggart. You squeeze the boggart.
The boggart is heavily wounded.
You constrict the boggart. The boggart closely misses you.
You tentacle-slap the boggart.
The boggart begins to glow.
The boggart is almost dead.
You constrict the boggart. The boggart completely misses you.
The wight hits you with a +3 long sword!
* * * LOW HITPOINT WARNING * * *
The wight hits you with a +2 short sword of freezing!
* * * LOW HITPOINT WARNING * * *
You feel drained.
* * * LOW HITPOINT WARNING * * *
The wight freezes you.
You die...

.##########....).....#
.....................#
####...(##....[.....#
##....[###.#.####### .
#.......#.....##
..#........).....##
##................#
#......z...[......#
.....zgp..........#
#.#.z..z..........#
#..z.....)......#
##.....)†<)....##
##.....#.)<..##
#.######)#### ... #.#
###.######.##
#.......#


You could see a boggart (contam) and 5 wights.

Vanquished Creatures
  A two-headed ogre (D:9)
  A cyclops (D:9)
  A troll (D:8)
  A hornet (D:9)
  7 yaks
  A wraith (D:9)
  A wyvern (D:9)
  3 orc warriors
  2 sky beasts
  An ice beast (D:7)
  An ogre (D:5)
  3 centaurs
  A phantom (D:5)
  3 kobold brigands
  2 gnoll sergeants
  4 bullfrogs
  6 scorpions
  A wight (D:9)
  3 killer bees (D:9)
  2 howler monkeys (D:8)
  3 bombardier beetles
  9 orc priests
  4 hounds
  2 gnoll boudas
  3 sleepcaps
  An iguana (D:7)
  9 orc wizards
  A hell rat (Sewer)
  9 adders
  18 gnolls
  2 river rats (Sewer)
  2 white imps
  2 ufetubi (D:7)
  2 dart slugs
  2 ribbon worms
  38 orcs
  4 endoplasms
  5 giant cockroaches
  10 goblins
  7 hobgoblins
  6 jackals (D:2)
  7 quokkas
  8 ball pythons
  5 bats
  3 frilled lizards
  14 kobolds
  14 rats
235 creatures vanquished.

Vanquished Creatures (collateral kills)
  A yak (D:8)
  A killer bee (D:9)
2 creatures vanquished.

Vanquished Creatures (others)
  A yak (D:8)
  A human (D:6)
  A killer bee (D:9)
3 creatures vanquished.

Grand Total: 240 creatures vanquished

Notes
Turn   | Place    | Note
-------+----------+-------------------------------------------
     0 | D:1      | Ceno the Octopode Shapeshifter began the quest for the Orb.
     0 | D:1      | Reached XP level 1. HP: 13/13 MP: 1/1
   222 | D:1      | Reached skill level 1 in Stealth
   222 | D:1      | Reached XP level 2. HP: 18/18 MP: 2/2
   477 | D:1      | Reached XP level 3. HP: 23/23 MP: 3/3
   715 | D:2      | Found a faded altar of an unknown god.
   972 | D:2      | Reached XP level 4. HP: 29/29 MP: 4/4
  1519 | D:3      | Reached XP level 5. HP: 35/35 MP: 5/5
  2054 | D:3      | Found an ornate altar of the Wu Jian Council.
  2059 | D:3      | Noticed a spectral centipede
  2059 | D:3      | Noticed a spectral black mamba
  2059 | D:3      | Noticed a spectral cane toad
  2060 | D:3      | Became a worshipper of the Wu Jian Council
  2291 | D:4      | Found a staircase to the Ecumenical Temple.
  2299 | D:4      | Reached XP level 6. HP: 41/42 MP: 6/6
  2307 | Temple   | Entered the Ecumenical Temple
  2682 | D:3      | Reached XP level 7. HP: 12/46 MP: 7/7
  2901 | D:4      | Reached * piety under Wu Jian
  2921 | D:4      | Reached skill level 5 in Stealth
  3173 | D:4      | Found a bloodstained altar of Trog.
  3362 | D:5      | Entered Level 5 of the Dungeon
  3542 | D:5      | Found a glowing drain.
  3573 | Sewer    | Entered a sewer
  3707 | D:5      | Reached skill level 5 in Unarmed Combat
  4031 | D:5      | Reached skill level 5 in Shapeshifting
  4031 | D:5      | Reached XP level 8. HP: 49/54 MP: 8/8
  4859 | D:6      | Reached ** piety under Wu Jian
  4964 | D:6      | Reached skill level 5 in Fighting
  5065 | D:6      | Found a glowing silver altar of Zin.
  5080 | D:6      | Found a radiant altar of Vehumet.
  5104 | D:6      | Found an ancient bone altar of Kikubaaqudgha.
  5130 | D:6      | Found Ubacryol's Distillery.
  5131 | D:6      | Identified the +9 dagger of the Purple Skies {flame, Int+3
                  | Dex+3}
  5254 | D:6      | Found a sparkling altar of Nemelex Xobeh.
  5254 | D:6      | Found a snail-covered altar of Cheibriados.
  5582 | D:6      | Reached XP level 9. HP: 24/61 MP: 9/9
  6462 | D:8      | Reached skill level 1 in Evocations
  6878 | D:8      | Reached *** piety under Wu Jian
  6963 | D:8      | Reached XP level 10. HP: 69/69 MP: 10/10
  7398 | D:8      | HP: 1/69 [troll (13)]
  7810 | D:9      | Noticed a two-headed ogre
  7812 | D:9      | Noticed a cyclops
  7822 | D:9      | Killed a two-headed ogre
  7823 | D:9      | Reached skill level 5 in Dodging
  7898 | D:9      | Reached **** piety under Wu Jian
  7923 | D:9      | Reached skill level 5 in Evocations
  8206 | D:9      | Killed a cyclops
  8213 | D:9      | Reached XP level 11. HP: 27/77 MP: 11/11
  8232 | D:9      | HP: 2/75 [wight/+2 short sword of freezing[a boggart] (2)]
  8232 | D:9      | Slain by a wight

Illustrated notes

Levels and vault maps discovered:
D:1:      dpeg_arrival_erosion, layout_loops_ring
D:2:      layout_loops_ring, chequers_ecumenical_altar_simple,
          chequers_serial_rivers_micro_c
D:3:      layout_loops_cross, pdpol_wu_jian_five_deadly_venoms,
          chequers_serial_rivers_micro_b
D:4:      layout_layer_cave, amcnicky_altar_gilded, minmay_temple_entry_glass,
          nicolae_nh_ransacked_shop
D:5:      layout_basic, portal_sewer_entry_f, minmay_door_square
D:6:      layout_rooms, vehumet_crystals, zin_statuary, tgw_kikubaaqudgha,
          grunt_temple_overflow_open, serial_shops, shop
D:7:      layout_rooms, minivault_5
D:8:      layout_loops_ring
D:9:      cheibrodos_fzero, layout_rooms, lemuel_round_altar, erik_lair_dragon,
          minmay_misc_feat_hallway
Temple:   minmay_temple_curvy_loop

Skill      XL: |  1  2  3  4  5  6  7  8  9 10 |
---------------+-------------------------------+-----
Stealth        | 1 2 3 4 6 7 8 |  8.0
Fighting       | 2 3 4 5 6 8 |  8.1
Unarmed Combat | 4 5 6 7 8 |  8.6
Shapeshifting  | 4 5 6 7 |  7.2
Evocations     | 3 5 |  5.0
Dodging        | 4 6 |  6.1

Action                     |  1- 3 |  4- 6 |  7- 9 | 10-12 || total
---------------------------+-------+-------+-------+-------++-------
  Melee: Unarmed           |    41 |   105 |   237 |   112 ||   495
         Constrict         |    12 |    33 |    58 |    22 ||   125
         Punch             |     1 |     5 |    15 |     5 ||    26
         Tentacles         |     6 |    33 |    61 |    37 ||   137
  Throw: Stone             |       |       |     4 |     2 ||     6
         Dart              |       |       |     1 |       ||     1
Ability: Lunge             |       |     5 |    38 |     6 ||    49
         Whirlwind         |       |       |     9 |     4 ||    13
  Evoke: Wand              |       |       |     2 |     2 ||     4
    Use: Scroll            |       |       |    10 |       ||    10
         Potion            |       |       |       |     1 ||     1
   Stab: Sleeping          |     9 |    10 |    22 |     1 ||    42
         Distracted        |       |       |     2 |     1 ||     3
 Armour: Skin              |     7 |    35 |    60 |    41 ||   143
  Dodge: Dodged            |    16 |    48 |   109 |   137 ||   310
   Form: Flux              |       |       |       |     1 ||     1

Table legend: (Time is in decaauts)
 A = Elapsed time spent in this place.
 B = Non-inter-level travel time spent in this place.
 C = Inter-level travel time spent in this place.
 D = Time resting spent in this place.
 E = Time spent auto-exploring this place.
 F = Levels seen in this place.
 G = Mean time per level.
                   A        B        C        D        E       F      G
               +--------+--------+--------+--------+--------+-----+--------+
         Total |   8199 |   7976 |    223 |   1612 |   4112 |  11 |  745.4 |
       Dungeon |   8097 |   7874 |    223 |   1612 |   4092 |   9 |  899.7 |
        Temple |     21 |     21 |      0 |      0 |     20 |   1 |   21.0 |
         Sewer |     79 |     79 |      0 |      0 |      0 |   1 |   79.0 |
               +--------+--------+--------+--------+--------+-----+--------+

Top non-repeatable levels by time:
     D:8: 1441 daAuts
     D:5: 1343 daAuts
     D:3: 1098 daAuts
     D:4: 956 daAuts
     D:6: 842 daAuts
     D:1: 704 daAuts
     D:2: 687 daAuts
     D:7: 668 daAuts
     D:9: 355 daAuts
   Sewer: 79 daAuts
  Temple: 21 daAuts
